 Dungeon Crawl Stone Soup version 0.30-a0-1074-g5db6f66fbb (webtiles) character file.

Game seed: 6652581930269767778

510 Dirtsage the Chopper (level 6, -2/47 HPs)
             Began as a Demonspawn Berserker on Apr 14, 2023.
             Was a Believer of Trog.
             Slain by a gnoll
             ... wielding a +0 spear
             ... led by a gnoll sergeant
              (7 damage)
             ... on level 5 of the Dungeon.
             The game lasted 00:07:35 (3210 turns).

Dirtsage the Chopper (Demonspawn Berserker)         Turns: 3210, Time: 00:07:35

Health: -2/47      AC:  6    Str: 19    XL:     6   Next: 98%
Magic:  0/6        EV: 12    Int:  9    God:    Trog [**....]
Gold:   161        SH:  0    Dex: 12    Spells: 5/5 levels left

rFire   . . .      SeeInvis .    m - +0 hand axe (vamp)
rCold   . . .      Faith    .    r - orb {light}
rNeg    . . .      Spirit   +    h - +0 ring mail
rPois   .          Reflect  .    p - +0 helmet
rElec   .          Rampage  .    (no cloak)
rCorr   .                        (no gloves)
Will    +....                    (no boots)
Stlth   +                        l - amulet of guardian spirit
HPRegen 0.27/turn                e - ring of willpower
MPRegen 0.10/turn                (no ring)

@: on berserk cooldown, slowed, glowing, very slow
A: ignite blood 1, sturdy frame 2
a: Renounce Religion, Berserk, Trog's Hand


You were on level 5 of the Dungeon.
You worshipped Trog.
Trog was pleased with you.
You visited 1 branch of the dungeon, and saw 5 of its levels.

You collected 209 gold pieces.
You spent 48 gold pieces at shops.

Inventory:

Hand Weapons
 m - a +0 vampiric hand axe (weapon)
Armour
 h - a +0 ring mail (worn)
 p - a +0 helmet (worn)
 r - an orb of light (worn)
Jewellery
 e - a ring of willpower (left hand)
 l - an amulet of guardian spirit (around neck)
Wands
 d - a wand of roots (13)
Scrolls
 b - 2 scrolls of blinking {unknown}
 c - a scroll of noise
 i - a scroll of identify
 j - a scroll of enchant weapon
 k - a scroll of amnesia {unknown}
 n - 2 scrolls of vulnerability
 q - a scroll of magic mapping {unknown}
 t - 2 scrolls of teleportation
Potions
 a - 2 potions of brilliance {unknown}
 f - 4 potions of curing {unknown}
 g - a potion of haste {unknown}
 o - 2 potions of magic {unknown}


   Skills:
 - Level 3.0 Fighting
 + Level 7.3 Axes
 - Level 1.7 Armour
 - Level 1.7 Dodging


You had 5 spell levels left.
You didn't know any spells.
Your spell library contained the following spells:

 Spells                   Type           Power      Damage    Failure   Level
 Freeze                   Ice            0%         1d3       41%         1
 Sublimation of Blood     Necr           0%         N/A       54%         2
 Wereblood                Tmut           0%         N/A       54%         2
 Frozen Ramparts          Ice            0%         1d1       78%         3
 Hailstorm                Conj/Ice       0%         3d3       78%         3
 Summon Hydra             Summ           0%         N/A       100%        7


Dungeon Overview and Level Annotations

Branches:
Dungeon (5/15)
 Temple: D:4-7

Altars:
Ashenzari

Shops:
D:3 ?   D:4 =


Innate Abilities, Weirdness & Mutations

Your demonic aura sometimes causes spilled blood to erupt in flames.
Your movements are less encumbered by armour. (ER -4)


Message History

Trog accepts your kill. The gnoll barely misses you.
The gnoll hits you but does no damage. The gnoll barely misses you.
The gnoll hits you from afar with a +0 spear.
* * * LOW HITPOINT WARNING * * *
Your Axes skill increases to level 7!
You take 1 damage, and have 8/47 hp.
You now have 0/6 mp.
You hit the gnoll.
The gnoll is almost dead.
You hit the gnoll but do no damage. The gnoll closely misses you.
The gnoll is engulfed in blazing flames.
You kill the gnoll!
Trog accepts your kill.
The gnoll throws a throwing net.
The throwing net closely misses you.
You hit the gnoll.
The gnoll is severely wounded.
The gnoll hits you but does no damage. x3; The gnoll closely misses you.
You hit the gnoll.
You feel better.
The gnoll is severely wounded.
The gnoll misses you. The gnoll hits you but does no damage.
You hit the gnoll but do no damage.
The gnoll is severely wounded.
The gnoll barely misses you. The gnoll hits you with a +0 club.
* * * LOW HITPOINT WARNING * * *
You take 6 damage, and have 4/47 hp.
You barely miss the gnoll.
The gnoll is severely wounded.
The gnoll hits you but does no damage. The gnoll closely misses you.
The gnoll hits you from afar with a +0 spear.
* * * LOW HITPOINT WARNING * * *
The gnoll hits you with a +0 club.
* * * LOW HITPOINT WARNING * * *
You take 3 damage, and have 1/47 hp.
You slash the gnoll!
You feel better.
You kill the gnoll!
Trog accepts your kill. The gnoll hits you but does no damage.
You regained 3 hp, and now have 4/47 hp.
The gnoll hits you with a +0 spear!
You die...

#........#
#.#........#
#.#.......!#
..........
#.......
#......#
#...)g.#
#..°>@.#
#......#
#......#
#......#
####...)).#
.....()†..#
##########'###
#.<......#.#
########.#.#


You could see a gnoll.

Vanquished Creatures
  Blork the orc (D:5)
  A gnoll sergeant (D:5)
  A scorpion (D:4)
  A hound (D:5)
  An orc priest (D:4)
  An iguana (D:5)
  15 gnolls
  A worm (D:2)
  3 dart slugs
  5 orcs
  4 ball pythons
  7 bats
  6 endoplasms
  7 giant cockroaches
  6 goblins
  9 hobgoblins
  3 jackals (D:4)
  4 kobolds
  5 quokkas
  2 frilled lizards
  3 rats
86 creatures vanquished.

Notes
Turn   | Place    | Note
-------+----------+-------------------------------------------
     0 | D:1      | Dirtsage the Demonspawn Berserker began the quest for the
                  | Orb.
     0 | D:1      | Reached XP level 1. HP: 18/18 MP: 1/1
    43 | D:1      | Reached skill level 3 in Axes
   215 | D:1      | Gained mutation: Your demonic aura sometimes causes spilled
                  | blood to erupt in flames. [demonic ancestry]
   215 | D:1      | Reached XP level 2. HP: 21/24 MP: 2/2
   266 | D:1      | Found a faded altar of an unknown god.
   686 | D:1      | Reached XP level 3. HP: 29/29 MP: 3/3
   860 | D:2      | Reached skill level 4 in Axes
   933 | D:2      | Reached ** piety under Trog
   940 | D:2      | Reached XP level 4. HP: 29/35 MP: 4/4
  1085 | D:2      | You fall into a shaft and drop 1 floor!
  1086 | D:3      | Found Basokeeh's Magic Scroll Shop.
  1093 | D:3      | Bought a scroll of identify for 24 gold pieces
  1093 | D:3      | Bought a scroll of identify for 24 gold pieces
  1129 | D:3      | Reached skill level 5 in Axes
  1240 | D:3      | Found a broken altar of Ashenzari.
  2244 | D:4      | Gained mutation: Your movements are slightly less
                  | encumbered by armour. (ER -2) [demonic ancestry]
  2244 | D:4      | Reached XP level 5. HP: 41/41 MP: 2/5
  2375 | D:4      | Found Uresownu's Jewellery Shoppe.
  2777 | D:4      | Reached skill level 6 in Axes
  2777 | D:4      | Gained mutation: Your movements are less encumbered by
                  | armour. (ER -4) [demonic ancestry]
  2777 | D:4      | Reached XP level 6. HP: 30/47 MP: 3/6
  3129 | D:5      | Entered Level 5 of the Dungeon
  3195 | D:5      | Noticed Blork the orc
  3203 | D:5      | Killed Blork the orc
  3204 | D:5      | Reached skill level 7 in Axes
  3208 | D:5      | HP: 2/47 [gnoll/+0 spear[a gnoll sergeant] (3)]
  3210 | D:5      | Slain by a gnoll

Illustrated notes

Levels and vault maps discovered:
D:1:      sevenhm_arrival_forest_fort_small_4, layout_loops_ring,
          ebering_ecumenical_altar_petrified
D:2:      layout_basic
D:3:      layout_basic, mainiacjoe_overflow_cross_hatched, serial_shops, shop
D:4:      layout_basic, serial_shops, shop_statue
D:5:      lemuel_insect_pit, layout_basic, minmay_temple_entry_hall,
          nicolae_ossuary_entry_ruins, amcnicky_mini_corridor_feature,
          uniq_blork_the_orc, uniq_crazy_yiuf_cottage, uniq_sigmund,
          uniq_grinder

Skill      XL: |  1  2  3  4  5  6 |
---------------+-------------------+-----
Axes           | 3 4 5 6 7 |  7.3
Fighting       | |  3.0
Armour         | |  1.7
Dodging        | |  1.7

Action                     |  1- 3 |  4- 6 || total
---------------------------+-------+-------++-------
  Melee: Hand axe          |   117 |   148 ||   265
         Punch             |     1 |     2 ||     3
 Invoke: Berserk           |     1 |     3 ||     4
    Use: Scroll            |       |     4 ||     4
   Stab: Sleeping          |     3 |       ||     3
 Armour: Animal skin       |    26 |       ||    26
         Ring mail         |    21 |    55 ||    76
  Dodge: Dodged            |    84 |   101 ||   185

Table legend: (Time is in decaauts)
 A = Elapsed time spent in this place.
 B = Non-inter-level travel time spent in this place.
 C = Inter-level travel time spent in this place.
 D = Time resting spent in this place.
 E = Time spent auto-exploring this place.
 F = Levels seen in this place.
 G = Mean time per level.
                   A        B        C        D        E       F      G
               +--------+--------+--------+--------+--------+-----+--------+
         Total |   3260 |   3170 |     90 |    268 |   2287 |   5 |  652.0 |
       Dungeon |   3260 |   3170 |     90 |    268 |   2287 |   5 |  652.0 |
               +--------+--------+--------+--------+--------+-----+--------+

Top non-repeatable levels by time:
     D:4: 904 daAuts
     D:2: 803 daAuts
     D:1: 778 daAuts
     D:3: 692 daAuts
     D:5: 82 daAuts
